 Dungeon Crawl Stone Soup version 0.25-a0-834-g55863b0b92 (webtiles) character file.

Game seed: 653612730250513986, levelgen mode: deterministic

431 tilp the Bolt Thrower (level 7, -13/43 HPs)
             Began as a Kobold Arcane Marksman on Apr 22, 2020.
             Was an Initiate of Okawaru.
             Mangled by an ogre
             ... wielding a +0 giant club
              (28 damage)
             ... on level 4 of the Dungeon.
             The game lasted 00:17:39 (6071 turns).

tilp the Bolt Thrower (Kobold Arcane Marksman)      Turns: 6071, Time: 00:17:39

Health: -13/43     AC:  4    Str:  9    XL:     7   Next: 20%
Magic:  14/19      EV: 14    Int: 14    God:    Okawaru [......]
Gold:   212        SH:  0    Dex: 16    Spells: 7/10 levels left

rFire    . . .     SeeInvis .   a - +0 hand crossbow
rCold    . . .     Gourm    .   (shield restricted)
rNeg     . . .     Faith    .   p - -1 leather armour (curse)
rPois    .         Spirit   .   y - +0 helmet
rElec    .         Reflect  .   (no cloak)
rCorr    .         Harm     .   (no gloves)
MR       .....                  j - +0 pair of boots
Stlth    +.........             (no amulet)
HPRegen  0.14/turn              f - ring of magical power
MPRegen  0.16/turn              (no ring)

@: no status effects
A: small, carnivore
a: Renounce Religion


You were on level 4 of the Dungeon.
You worshipped Okawaru.
Okawaru was noncommittal.
You were very full.

You visited 2 branches of the dungeon, and saw 7 of its levels.
You also visited: Sewer.

You collected 212 gold pieces.

Inventory:

Hand Weapons
 a - a +0 hand crossbow (weapon)
 b - a +2 war axe of flaming
 w - a +0 vampiric whip
Missiles
 d - 22 bolts (quivered)
 g - 4 silver boomerangs
 o - 12 poisoned darts
 v - 3 curare-tipped darts
 E - 8 datura-tipped darts
 F - a throwing net
Armour
 j - a +0 pair of boots (worn)
 n - a +0 leather armour
 p - a cursed -1 leather armour (worn)
 y - a +0 helmet (worn)
Jewellery
 f - a ring of magical power (left hand)
 A - an uncursed ring of see invisible {unknown}
 B - an uncursed ring of see invisible {unknown}
Scrolls
 e - a scroll of enchant weapon {unknown}
 i - a scroll of blinking
 k - 3 scrolls of teleportation
 q - a scroll of random uselessness {unknown}
 C - a scroll of amnesia {unknown}
Potions
 h - 2 potions of haste
 l - 2 potions of brilliance
 m - a potion of degeneration {unknown}
 r - 2 potions of magic {unknown}
 s - 6 potions of heal wounds
 t - a potion of stabbing {unknown}
 u - a potion of curing {unknown}
 x - a potion of might {unknown}
 z - a potion of lignification {unknown}
 D - 2 potions of resistance
 G - a potion of berserk rage {unknown}
Comestibles
 c - 7 rations


   Skills:
 - Level 4.0 Fighting
 - Level 6.0 Crossbows
 - Level 2.4 Dodging
 - Level 2.0 Spellcasting
 + Level 4.4 Hexes


You had 7 spell levels left.
You knew the following spells:

 Your Spells              Type           Power        Failure   Level  Hunger
a - Corona                Hex            ##.....      5%          1    ##.....
b - Slow                  Hex            ##......     9%          2    ###....

Your spell library contained the following spells:

 Spells                   Type           Power        Failure   Level  Hunger
 Sandblast                Erth           #.....       32%         1    ##.....
 Inner Flame              Hex/Fire       #.......     38%         3    ####...
 Portal Projectile        Hex/Tloc       #.....       38%         3    ####...
 Passwall                 Tmut/Erth      #.......     45%         2    ###....
 Cause Fear               Hex            ##........   47%         4    #####..
 Stone Arrow              Conj/Erth      #.....       69%         3    ####...
 Leda's Liquefaction      Hex/Erth       #.........   80%         4    #####..
 Petrify                  Tmut/Erth      #.......     97%         4    #####..
 Lee's Rapid Deconstruct  Erth           #.........   100%        5    ######.


Dungeon Overview and Level Annotations

Branches:
Dungeon (6/15)             Temple (1/1) D:4           Sewer (visited)

Altars:
Ashenzari
Cheibriados
Dithmenos
Elyvilon
Fedhas
Gozag
Hepliaklqana
Kikubaaqudgha
Makhleb
Nemelex Xobeh
Okawaru
Qazlal
Ru
Sif Muna
Trog
Uskayaw
Vehumet
Wu Jian
Xom
Yredelemnul
Zin
The Shining One


Innate Abilities, Weirdness & Mutations

You are small and have problems with some larger weapons.
You are carnivorous and can eat meat at any time.


Message History

Casting: Slow (safe; 9% risk of failure)
Confirm with . or Enter, or press ? or * to list all spells.
Aiming: Slow (safe; 9% risk of failure)
Press: ? - help, Shift-Dir - straight line, f/p - ogre
Aim: an ogre, wielding a +0 giant club (heavily wounded, chance to defeat MR: 50%)
The ogre resists with some effort.
The ogre completely misses you.
Casting: Slow (safe; 9% risk of failure)
Confirm with . or Enter, or press ? or * to list all spells.
Aiming: Slow (safe; 9% risk of failure)
Press: ? - help, Shift-Dir - straight line, f/p - ogre
Aim: an ogre, wielding a +0 giant club (heavily wounded, chance to defeat MR: 50%)
The ogre resists with some effort.
The ogre hits you with a +0 giant club!!
Ouch! That really hurt!
* * * LOW HITPOINT WARNING * * *
An adder comes into view.
Found a war axe.
The ogre hits you with a +0 giant club!!
Ouch! That really hurt!
You die...

). . ...# #.###S #..#####
#.....####...((..
#.##.##.##..(###
####.......$......#
...........#......#####
#.....
......................#
#..#.#
###....O.......#####.#
#..#.# #...@...#....#
#..#.# #...........##
#..#.# #.......###.#
#..#.# ####.#### #.#
###..#.#########.######.#
......(.................#
>##...#.##.#####.########
.##..###.#.# #.# .<..##
#..# #.#


You could see an ogre and an adder (wandering).

Vanquished Creatures
  A big kobold (D:4)
  A scorpion (D:4)
  A hound (D:4)
  A hound skeleton (D:4)
  Robin (D:3)
  7 adders
  4 river rats (D:3)
  6 worms
  3 dart slugs
  2 leopard geckos
  3 orcs
  6 ball pythons
  8 bats
  6 giant cockroaches
  16 goblins
  12 hobgoblins
  20 jackals
  2 quokkas
  9 frilled lizards
  17 kobolds
  8 rats
  3 plants (Sewer)
137 creatures vanquished.

Vanquished Creatures (others)
  A plant (Sewer)
1 creature vanquished.

Grand Total: 138 creatures vanquished

Notes
Turn   | Place    | Note
-------+----------+-------------------------------------------
     0 | D:1      | tilp the Kobold Arcane Marksman began the quest for the
                  | Orb.
     0 | D:1      | Reached XP level 1. HP: 12/12 MP: 2/2
    44 | D:1      | Reached skill level 3 in Crossbows
    52 | D:1      | Reached XP level 2. HP: 15/16 MP: 0/3
    60 | D:1      | Learned a level 2 spell: Slow
   473 | D:1      | Reached skill level 4 in Crossbows
   473 | D:1      | Reached XP level 3. HP: 16/20 MP: 4/4
  1737 | D:2      | Reached XP level 4. HP: 21/25 MP: 0/5
  1825 | D:2      | Reached skill level 5 in Crossbows
  2681 | D:2      | Reached XP level 5. HP: 29/29 MP: 6/6
  2829 | D:3      | Reached skill level 6 in Crossbows
  2927 | D:3      | Found a glowing drain.
  2927 | D:3      | You fall into a shaft and drop 3 floors!
  2934 | D:5      | Entered Level 5 of the Dungeon
  3085 | D:3      | Reached XP level 6. HP: 22/37 MP: 7/7
  3173 | Sewer    | Entered a sewer
  4561 | D:3      | Found an ancient bone altar of Kikubaaqudgha.
  4600 | D:3      | Found a basalt altar of Yredelemnul.
  4602 | D:3      | Found a stormy altar of Qazlal.
  4602 | D:3      | Found an ornate altar of the Wu Jian Council.
  4602 | D:3      | Found a sparkling altar of Nemelex Xobeh.
  4605 | D:3      | Found a shimmering altar of Xom.
  4759 | D:3      | Noticed Robin
  4766 | D:3      | Killed Robin
  5479 | D:4      | Reached XP level 7. HP: 32/43 MP: 10/10
  5544 | D:4      | Found a staircase to the Ecumenical Temple.
  5553 | Temple   | Entered the Ecumenical Temple
  5852 | Temple   | Became a worshipper of Warmaster Okawaru
  6071 | D:4      | Mangled by an ogre

Levels and vault maps discovered:
D:1:      onia_arrival_mini_maze, layout_loops_ring, kennysheep_nondescript,
          minmay_tripent
D:2:      layout_basic, minmay_misc_feat_more_columns
D:3:      layout_loops_cross, marbit_many_paths, grunt_temple_overflow_open,
          first_ration, portal_sewer_entry_a, grunt_ministairs_1, minivault_5,
          uniq_robin
D:4:      layout_loops_ring, temple_doors_ab, serial_shops, shop, shop_statue
D:5:      layout_basic, minmay_manual_maat, uniq_edmund
D:6:      layout_basic, led_sif_pool
Temple:   minmay_temple_bridge_d

Skill      XL: |  1  2  3  4  5  6  7 |
---------------+----------------------+-----
Crossbows      | 3 4 5 6 |  6.0
Fighting       | 3 4 |  4.0
Spellcasting   | 2 |  2.0
Hexes          | 4 |  4.4
Dodging        | |  2.4

Action                   |  1- 3 |  4- 6 |  7- 9 || total
-------------------------+-------+-------+-------++-------
Melee: Mace              |    20 |       |       ||    20
       Whip              |    19 |    58 |       ||    77
       Dagger            |     6 |       |       ||     6
       War axe           |       |   146 |     9 ||   155
 Fire: Hand crossbow     |    65 |   107 |     4 ||   176
Throw: Dart              |       |     3 |       ||     3
       Boomerang         |       |     1 |       ||     1
 Cast: Corona            |    26 |    12 |       ||    38
       Slow              |       |       |     3 ||     3
  Use: Scroll            |     2 |     9 |       ||    11
 Stab: Sleeping          |       |     1 |       ||     1
  Eat: Chunk             |    12 |    13 |     1 ||    26
Armor: Robe              |     9 |       |       ||     9
       Leather armour    |     3 |    32 |     6 ||    41
Dodge: Dodged            |    61 |   155 |     7 ||   223

Table legend:
 A = Non-vault XP
 B = Vault XP
 C = Vault XP percentage of total XP
 D = Non-vault monster count
 E = Vault monster count
 F = Vault count percentage of total count
                 A         B        C        D         E       F
            +---------+---------+-------+---------+---------+-------
      Total |     453 |     164 |  26.6 |      84 |      50 |  37.3
            +---------+---------+-------+---------+---------+-------
        D:1 |      52 |       4 |   7.1 |      27 |       4 |  12.9
        D:2 |     101 |       0 |   0.0 |      26 |       0 |   0.0
        D:3 |      50 |     113 |  69.3 |      20 |      22 |  52.4
        D:4 |     250 |       0 |   0.0 |      11 |       0 |   0.0
      Sewer |       0 |      47 | 100.0 |       0 |      24 | 100.0
            +---------+---------+-------+---------+---------+-------
